 Dungeon Crawl Stone Soup version 0.32-a0-666-ge8a88695a4 (webtiles) character file.

Game seed: 4481480256756364751

1411 LobsterGuardian the Grappler (level 8, -9/40 HPs)
             Began as an Octopode Shapeshifter on Mar 9, 2024.
             Was a Believer of Ru.
             Mangled by an iguana (12 damage)
             ... on level 6 of the Dungeon.
             The game lasted 00:15:23 (4200 turns).

LobsterGuardian the Grappler (OpSh)                 Turns: 4200, Time: 00:15:25

Health: -9/40      AC:  1    Str: 12 (14) XL:     8   Next: 70%
Magic:  8/8        EV: 17    Int: 11 (12) God:    Ru [**....]
Gold:   300        SH:  0    Dex: 12 (13) Spells: 7/7 levels left

rFire   . .          .
                       - Unarmed
rCold   . . .        (helmet restricted)
rNeg    + . .        (no amulet)
rPois   .            d - ring of positive energy
rElec   .            (no ring)
rCorr   .            (no ring)
SInv    .            (no ring)
Will    .....        (no ring)
Stlth   ++           (no ring)
HPRegen 0.26/turn    (no ring)
MPRegen 0.11/turn

%: no passive effects
@: on fire, flux-form, attractive, glowing
A: glow, contaminating, reduced hp, almost no armour, amphibious, 7 rings,
camouflage 1, gelatinous body 1, missing a hand, (nimble swimmer 1), tentacles
a: Begin Untransformation, Renounce Religion


You were on level 6 of the Dungeon.
You worshipped Ru.
Ru was pleased with you.
You were something dangerously unstable.
You visited 2 branches of the dungeon, and saw 7 of its levels.

You collected 300 gold pieces.

Inventory:

Jewellery
 d - a ring of positive energy (left tentacle)
Talismans
 b - a beast talisman
 c - a flux talisman (active)
 l - a serpent talisman
Scrolls
 a - a scroll of enchant weapon
 m - a scroll of poison
 n - a scroll of vulnerability {unknown}
 o - 2 scrolls of identify
Potions
 e - 2 potions of attraction
 g - a potion of degeneration
 h - a potion of resistance {unknown}
 i - a potion of curing {unknown}
 j - a potion of heal wounds {unknown}
 k - a potion of mutation {unknown}


   Skills:
 + Level 2.1 Fighting
 + Level 3.1 Dodging
 + Level 6.0 Stealth
 * Level 8.2 Unarmed Combat
 * Level 5.1 Shapeshifting


You had 7 spell levels left.
You didn't know any spells.
Your spell library contained the following spells:

 Spells                   Type           Power      Damage    Failure   Level
 Slow                     Hex            0%         N/A       34%         1
 Scorch                   Fire           0%         2d5       47%         2
 Confusing Touch          Hex            0%         N/A       71%         3
 Dazzling Flash           Conj/Hex       0%         N/A       71%         3
 Inner Flame              Hex/Fire       0%         N/A       71%         3
 Mephitic Cloud           Conj/Alch/Air  0%         N/A       71%         3
 Sigil of Binding         Hex            0%         N/A       71%         3
 Vampiric Draining        Necr           0%         2d6       71%         3
 Flame Wave               Conj/Fire      0%         2d4       98%         4
 Sticky Flame             Fire/Alch      0%         2d4       98%         4
 Curse of Agony           Necr           0%         N/A       100%        5
 Silence                  Hex/Air        0%         N/A       100%        5
 Sculpt Simulacrum        Ice/Alch       0%         N/A       100%        6
 Summon Cactus Giant      Summ           0%         N/A       100%        6
 Ozocubu's Refrigeration  Ice            0%         4d7       100%        7
 Polar Vortex             Ice            0%         N/A       100%        9


Dungeon Overview and Level Annotations

Branches:
Dungeon (6/15)             Temple (1/1) D:4

Altars:
Ashenzari
Cheibriados
Dithmenos
Elyvilon
Fedhas
Hepliaklqana
Kikubaaqudgha
Makhleb
Nemelex Xobeh
Okawaru
Ru
Sif Muna
Trog
Uskayaw
Wu Jian
Yredelemnul
Zin
The Shining One


Innate Abilities, Weirdness & Mutations

You are something dangerously unstable.
You glow with magical radiation, making you easy to see and hit.
Foes you strike become dangerously contaminated with magical radiation.
Your maximum health is decreased, since you lack skill for your form.
You are incapable of wielding weapons or throwing items.
You cannot wear most types of armour.
You are amphibious.
You can wear up to seven rings at the same time.
Your skin changes colour to match your surroundings (Stealth+).
Your rubbery body absorbs attacks. (AC +1, EV +1)
You are missing a hand.
((You are camouflaged when in or above water. (Stealth+)))
You have tentacles for arms and can constrict up to seven enemies at once.


Message History

Your squeeze misses the phantom.
The phantom is severely damaged.
The phantom hits you.
You closely miss the phantom. Your squeeze misses the phantom.
The phantom is severely damaged.
Unknown command.
You tentacle-slap the bullfrog.
You kill the bullfrog!
The phantom closely misses you.
Your Stealth skill increases to level 6!
Your Unarmed Combat skill increases to level 8!
You closely miss the phantom.
The phantom is severely damaged.
You redirect the phantom's attack!
The phantom closely misses itself.
You catch the helpless phantom completely off-guard!
You tentacle-slap the phantom.
The phantom begins to glow.
The phantom is almost destroyed.
The phantom misses you.
You tentacle-slap the phantom but do no damage.
The phantom glows dangerously bright.
You squeeze the phantom.
You destroy the phantom!
The bombardier beetle sprays incendiary fluid at you.
The burning spray hits you.
You are covered in liquid fire!
The iguana bites you.
* * * LOW HITPOINT WARNING * * *
It was a potion of attraction.
You feel attractive to monsters. The liquid fire burns you!
* * * LOW HITPOINT WARNING * * *
The iguana closely misses you.
The bombardier beetle closely misses you.
It was a potion of degeneration.
There was something very wrong with that liquid.
You feel weakened.
You feel dopey.
You feel clumsy. The liquid fire burns you!
* * * LOW HITPOINT WARNING * * *
The iguana bites you!
You die...
Ru respects your ultimate sacrifice.

...~# ##~......
.........~~####~~......
.........~~~~~~.......
.....................
...♣♣..........♣♣..'
#...♣..........♣...#
#...................
##...B....)♣........#
#...p.....♣♣♣...#####
#...l†....# #####
#..........#
#...........
#.........#.
#.........# #.........#
#### #.........# #<..
####


You could see a bombardier beetle and an iguana.

Vanquished Creatures
  Grinder (D:3)
  Duvessa (D:6)
  2 ogres
  A centaur (D:6)
  2 phantoms
  Blork the orc (D:5)
  A bullfrog (D:6)
  A scorpion (D:5)
  Dowan (D:6)
  A howler monkey (D:5)
  A jelly (D:4)
  A gnoll bouda (D:5)
  2 orc priests (D:4)
  A hound (D:4)
  Crazy Yiuf (D:3)
  3 iguanas
  An orc wizard (D:4)
  7 adders
  2 gnolls (D:5)
  2 ufetubi (D:5)
  A ribbon worm (D:4)
  A dart slug (D:4)
  7 orcs
  5 endoplasms
  6 giant cockroaches
  4 goblins
  5 hobgoblins
  5 jackals
  7 quokkas
  7 ball pythons
  8 bats
  4 frilled lizards
  3 kobolds
  4 rats
100 creatures vanquished.

Notes
Turn   | Place    | Note
-------+----------+-------------------------------------------
     0 | D:1      | LobsterGuardian the Octopode Shapeshifter began the quest
                  | for the Orb.
     0 | D:1      | Reached XP level 1. HP: 13/13 MP: 1/1
    34 | D:1      | Reached XP level 2. HP: 6/18 MP: 2/2
   262 | D:1      | Reached XP level 3. HP: 20/23 MP: 3/3
   297 | D:1      | Reached skill level 1 in Stealth
   338 | D:1      | Found a faded altar of an unknown god.
  1182 | D:2      | Reached XP level 4. HP: 28/28 MP: 4/4
  1644 | D:3      | Noticed Grinder
  1662 | D:3      | Killed Grinder
  1663 | D:3      | Reached skill level 4 in Unarmed Combat
  1663 | D:3      | Reached XP level 5. HP: 21/33 MP: 5/5
  1663 | D:3      | Reached XP level 6. HP: 24/38 MP: 6/6
  1743 | D:3      | Found a runed translucent door.
  1744 | D:3      | Noticed Crazy Yiuf
  1806 | D:3      | Found a glowing golden altar of the Shining One.
  2159 | D:3      | Killed Crazy Yiuf
  2214 | D:4      | Identified the +2 flail "Qiolali" {antimagic, rElec rF- rC+
                  | Stlth+}
  2222 | D:4      | Reached skill level 5 in Unarmed Combat
  2355 | D:4      | Reached skill level 5 in Stealth
  2355 | D:4      | Reached XP level 7. HP: 22/44 MP: 7/7
  2536 | D:4      | Found a staircase to the Ecumenical Temple.
  2628 | Temple   | Entered the Ecumenical Temple
  2702 | Temple   | Became a worshipper of Ru the Awakened
  3060 | D:5      | Entered Level 5 of the Dungeon
  3253 | D:5      | Noticed Blork the orc
  3267 | D:5      | Killed Blork the orc
  3268 | D:5      | Reached skill level 6 in Unarmed Combat
  3695 | D:5      | Reached XP level 8. HP: 37/50 MP: 8/8
  3722 | D:5      | Reached skill level 7 in Unarmed Combat
  4005 | D:6      | Noticed Dowan
  4006 | D:6      | Noticed Duvessa
  4013 | D:6      | Killed Duvessa
  4017 | D:6      | Killed Dowan
  4107 | D:6      | Gained mutation: You are missing a hand. [Ru sacrifice]
  4107 | D:6      | Reached * piety under Ru
  4107 | D:6      | Reached ** piety under Ru
  4186 | D:6      | Reached skill level 5 in Shapeshifting
  4196 | D:6      | Reached skill level 8 in Unarmed Combat
  4200 | D:6      | Mangled by an iguana

Illustrated notes

Levels and vault maps discovered:
D:1:      wander_arrival_chamber, layout_rooms,
          shapermc_ecumenical_altar_totnotflames, minmay_tromino_v4_a
D:2:      layout_rooms
D:3:      layout_basic, nicolae_overflow_hidden_temple, serial_bayou_lagoon_a,
          uniq_crazy_yiuf_cottage, uniq_grinder
D:4:      layout_basic, minmay_temple_entry_proselytizer
D:5:      layout_rooms, uniq_blork_the_orc
D:6:      layout_basic, serial_shops, nicolae_shop_competitors_out_of_business,
          kennysheep_decorative_pillar, uniq_duvessa
Temple:   bh_familiar_temple

Skill      XL: |  1  2  3  4  5  6  7  8 |
---------------+-------------------------+-----
Stealth        | 2 4 5 6 |  6.0
Unarmed Combat | 4 5 6 8 |  8.2
Shapeshifting  | 4 5 |  5.1
Fighting       | 2 |  2.1
Dodging        | 3 |  3.1

Action                     |  1- 3 |  4- 6 |  7- 9 || total
---------------------------+-------+-------+-------++-------
  Melee: Unarmed           |    78 |    47 |   102 ||   227
         Tentacles         |    16 |    12 |    23 ||    51
         Constrict         |    11 |    14 |    26 ||    51
         Punch             |       |       |     5 ||     5
 Invoke: Sacrifice a Hand  |       |       |     1 ||     1
    Use: Potion            |     1 |     1 |     2 ||     4
         Scroll            |     2 |     3 |     2 ||     7
   Stab: Sleeping          |    16 |     5 |     3 ||    24
         Distracted        |       |       |     1 ||     1
 Armour: Skin              |    60 |    10 |    48 ||   118
  Dodge: Dodged            |    29 |    19 |    60 ||   108
   Form: Flux              |       |     2 |     2 ||     4
         Beast             |       |     2 |     1 ||     3
         Serpent           |       |     1 |     1 ||     2

Table legend: (Time is in decaauts)
 A = Elapsed time spent in this place.
 B = Non-inter-level travel time spent in this place.
 C = Inter-level travel time spent in this place.
 D = Time resting spent in this place.
 E = Time spent auto-exploring this place.
 F = Levels seen in this place.
 G = Mean time per level.
                   A        B        C        D        E       F      G
               +--------+--------+--------+--------+--------+-----+--------+
         Total |   4160 |   3872 |    288 |    100 |   3081 |   7 |  594.3 |
       Dungeon |   4057 |   3871 |    186 |    100 |   3081 |   6 |  676.2 |
        Temple |    103 |      1 |    102 |      0 |      0 |   1 |  103.0 |
               +--------+--------+--------+--------+--------+-----+--------+

Top non-repeatable levels by time:
     D:4: 890 daAuts
     D:1: 887 daAuts
     D:3: 818 daAuts
     D:5: 777 daAuts
     D:2: 479 daAuts
     D:6: 204 daAuts
  Temple: 103 daAuts
